Map: Echo LE (Void)

Players

KaYaK - Winner!

  • Race: Zerg Zerg
  • League: Grandmaster

VampyWorm

  • Race: Protoss Protoss
  • League: Grandmaster

VOD

Have the link to the VOD?

Description

Time

  • Played on: June 14, 2015, 7:01 p.m.
  • Length: 4:41
Show
View Real Time Build Order
Export as new Build Order

KaYaK Zerg - Winner!

Build Orders: Hatch First 

Get SALT Encoding   

  12  0:01  Drone  
  13  0:12  Overlord  
  13  0:17  Drone  
  14  0:30  Drone x2  
  14  0:34  Drone  
  17  0:51  Hatchery  
  17  0:55  Extractor  
  17  0:56  Drone  
  16  1:01  Drone  
  17  1:07  Drone  
  18  1:20  Spawning Pool  
  18  1:21  Drone  
  18  1:27  Drone  
  19  1:40  Drone  
  20  1:49  Overlord  
  20  2:03  Overlord  
  20  2:06  Metabolic Boost  
  20  2:14  Zergling x4  
  22  2:15  Queen  
  22  2:16  Queen  
  26  2:24  Zergling x4  
  26  2:28  Zergling x2  
  29  2:32  Overlord  
  29  2:37  Zergling x2  
  30  2:44  Zergling x2  
  30  2:48  Zergling x2  
  32  2:55  Zergling x2  
  32  3:04  Zergling x4  
  34  3:11  Zergling x2  
  35  3:19  Zergling x4  
  37  3:25  Roach Warren  
  36  3:30  Drone x2  
  36  3:33  Drone  
  36  3:34  Drone x3  
  41  3:39  Drone x4  
  46  3:47  Drone x2  
  48  4:14  Drone  
  48  4:15  Drone x5  
  52  4:18  Overlord x3  
  52  4:19  Overlord x2  
Show
View Real Time Build Order
Export as new Build Order

VampyWorm Protoss 

Build Orders:  

Get SALT Encoding   

  12  0:01  Probe  
  13  0:15  Pylon  
  13  0:16  Probe  
  14  0:33  Probe  
  14  0:35  Gateway  
  15  0:45  Gateway  
  16  0:50  Probe (Chrono Boost)  
  16  0:59  Probe (Chrono Boost), Assimilator  
  17  1:07  Probe (Chrono Boost)  
  17  1:09  Pylon  
  19  1:19  Probe (Chrono Boost)  
  21  1:28  Cybernetics Core, Zealot (Chrono Boost)  
  21  1:35  Zealot (Chrono Boost)  
  21  1:39  Probe  
  24  1:47  Assimilator  
  24  1:52  Pylon  
  24  2:04  Adept (Chrono Boost)  
  28  2:11  Adept (Chrono Boost), Warp Gate  
  28  2:40  Nexus  
  28  2:42  Probe (Chrono Boost)  
  29  2:54  Probe (Chrono Boost)  
  30  3:03  Probe (Chrono Boost)  
  31  3:11  Probe (Chrono Boost)  
  32  3:19  Twilight Council  
  32  3:22  Pylon  
  32  3:24  Probe (Chrono Boost)  
  33  3:32  Mothership Core (Chrono Boost)  
  33  3:33  Adept  
  37  3:40  Adept  
  33  3:50  Probe (Chrono Boost)  
  32  3:59  Probe (Chrono Boost)  
Tags
 
Add a new tag
Caveats
  • Supply blocks, unpowered buildings, or Contaminate may cause inaccurate times.
  • Supply counts are checked every 10 seconds.